 Dungeon Crawl Stone Soup version 0.31-a0-232-gb1c03b2570 (webtiles) character file.

Game seed: 6865063850032523506

59 qw the Shooter (level 4, -11/26 HPs)
             Began as a Gargoyle Hexslinger on July 7, 2023.
             Mangled by an iguana (12 damage)
             ... on level 3 of the Dungeon.
             The game lasted 00:00:42 (1723 turns).

qw the Shooter (Gargoyle Hexslinger)                Turns: 1723, Time: 00:00:42

Health: -11/26     AC:  8    Str: 12    XL:     4   Next: 3%
Magic:  5/5        EV: 10    Int: 13    God:
Gold:   94         SH:  0    Dex: 14    Spells: 4/5 levels left

rFire   . . .        Y - +1 sling
rCold   . . .        (no shield)
rNeg    + . .        d - +0 ring mail
rPois   inf          (no helmet)
rElec   +            (no cloak)
rCorr   .            (no gloves)
SInv    .            (no boots)
Will    .....        (no amulet)
Stlth   +            (no ring)
HPRegen 0.24/turn    (no ring)
MPRegen 0.09/turn

%: no passive effects
@: no status effects
A: sickness immunity, AC +3, negative energy resistance 1, electricity
resistance, torment resistance 1, petrification resistance
a: no special abilities


You were on level 3 of the Dungeon.
You visited 1 branch of the dungeon, and saw 3 of its levels.

You collected 94 gold pieces.


Innate Abilities, Weirdness & Mutations

You are immune to sickness and miasma.
Your stone body is resilient. (AC +3)
You are immune to poison.
You resist negative energy. (rN+)
You are resistant to electric shocks. (rElec)
You are resistant to unholy torment.
You are immune to petrification.


   Skills:
 - Level 2.0 Fighting
 + Level 3.8 Ranged Weapons
 - Level 1.5 Dodging
 - Level 1.0 Spellcasting
 - Level 2.6 Hexes


You had 4 spell levels left.
You knew the following spells:

 Your Spells              Type           Power      Damage    Failure   Level
a - Slow                  Hex            28%        N/A       22%         1

Your spell library contained the following spells:

 Spells                   Type           Power      Damage    Failure   Level
 Inner Flame              Hex/Fire       4%         N/A       73%         3
 Portal Projectile        Hex/Tloc       8%         N/A       73%         3
 Cause Fear               Hex            3%         N/A       91%         4

Inventory:

Hand Weapons
 Y - a +1 sling (weapon)
Armour
 a - the +1 robe of Understanding {Int+3}
   (You found it on level 3 of the Dungeon)

   Int:       It affects your intelligence (+3).
 c - a +0 helmet
 d - a +0 ring mail (worn)
Scrolls
 b - a scroll of enchant weapon {unknown}

Dungeon Overview and Level Annotations

Branches:
Dungeon (3/15)

Altars:


Message History

The sling bullet hits the worm but does no damage.
A rat comes into view.
You shoot a sling bullet. The sling bullet hits the worm.
The worm is lightly wounded.
You shoot a sling bullet.
The sling bullet barely misses the worm.
The worm barely misses you.
You shoot a sling bullet. The sling bullet hits the worm.
The worm is lightly wounded.
The rat barely misses you. The worm closely misses you.
The rat closely misses you.
You shoot a sling bullet.
The sling bullet barely misses the worm.
You hear an angry hiss.
The rat bites you but does no damage.
An iguana comes into view.
The worm bites you but does no damage.
You shoot a sling bullet. The sling bullet hits the worm.
The worm is moderately wounded.
The rat closely misses you. The rat bites you but does no damage.
You shoot a sling bullet. The sling bullet hits the worm.
The worm is heavily wounded.
The worm bites you. The rat barely misses you.
You shoot a sling bullet.
The sling bullet hits the worm but does no damage.
The worm is heavily wounded.
The rat barely misses you. The worm barely misses you.
You shoot a sling bullet.
The sling bullet hits the worm but does no damage.
The worm is heavily wounded.
The rat bites you but does no damage. The iguana bites you.
The worm bites you but does no damage. The rat bites you but does no damage.
The iguana bites you.
You shoot a sling bullet.
The sling bullet completely misses the worm.
The rat bites you but does no damage. The iguana bites you. The worm bites you!
You shoot a sling bullet.
The sling bullet barely misses the worm.
The rat bites you but does no damage. The iguana bites you!
You die...

#.#### #.............
#....###.####.#####..
#.##.....####.##
#.##...........#
..##.###.####..####.##
#####.# #.# #.........
... #.# ##.####.## .
.... ..# #.# # .#...
... #@#
#.#..........wlr......
......#..######
.........# ..... #.##
..... #.# ?... ..#
#..? ###


You could see a worm, an iguana and a rat.

Vanquished Creatures
  A dart slug (D:1)
  4 ball pythons (D:1)
  5 bats
  7 endoplasms
  2 giant cockroaches
  4 goblins
  A hobgoblin (D:1)
  4 jackals (D:3)
  3 quokkas
  14 frilled lizards
  4 kobolds
  6 rats
55 creatures vanquished.

Notes
Turn   | Place    | Note
-------+----------+-------------------------------------------
     0 | D:1      | qw the Gargoyle Hexslinger began the quest for the Orb.
     0 | D:1      | Reached XP level 1. HP: 12/12 MP: 2/2
     0 | D:1      | 0 ||| qw: Version: 0.3-a-46-gb1f654a
     0 | D:1      | 0 ||| qw: Game counter: 2258
     0 | D:1      | 0 ||| qw: Melee chars always use a shield: true
     0 | D:1      | 0 ||| qw: God list: Okawaru
     0 | D:1      | 0 ||| qw: Allow faded altars: false
     0 | D:1      | 0 ||| qw: Do Orc after clearing Dungeon:15 true
     0 | D:1      | 0 ||| qw: Do second Lair branch before Depths: true
     0 | D:1      | 0 ||| qw: Lair rune preference: random
     0 | D:1      | 0 ||| qw: Goals: Normal
     0 | D:1      | 0 ||| PLANNING D:1-11
    99 | D:1      | Reached XP level 2. HP: 12/16 MP: 3/3
   206 | D:1      | Reached skill level 3 in Ranged Weapons
   479 | D:1      | HP: 4/17 [goblin/+0 club (2)]
   481 | D:1      | Reached XP level 3. HP: 4/21 MP: 4/4
  1030 | D:1      | 1030 ||| UPGRADING to +0 ring mail.
  1040 | D:1      | 1040 ||| DROPPING +0 robe.
  1041 | D:1      | 1041 ||| READING scroll labelled ISIXAR RUEKLEE.
  1042 | D:1      | 1042 ||| READING scroll labelled ISHOTS HATESK.
  1043 | D:1      | 1043 ||| DROPPING scroll of poison.
  1128 | D:2      | Found a faded altar of an unknown god.
  1592 | D:3      | Identified the +1 robe of Understanding {Int+3}
  1691 | D:3      | Reached XP level 4. HP: 26/26 MP: 5/5
  1722 | D:3      | HP: 1/26 [worm (7)]
  1723 | D:3      | Mangled by an iguana

Levels and vault maps discovered:
D:1:      heliophobic_arrival_enchanted_forest, layout_loops_corners,
          minmay_lizard_king
D:2:      layout_rooms, shapermc_ecumenical_altar_venn,
          hangedman_decor_diamond_cutter
D:3:      layout_loops_ring, tso_oasis_becter,
          mainiacjoe_overflow_six_doors_small

Skill      XL: |  1  2  3 |
---------------+----------+-----
Ranged Weapons | 3 |  3.8
Fighting       | 2 |  2.0
Dodging        | |  1.5
Spellcasting   | |  1.0
Hexes          | |  2.6

Action                     |  1- 3 |  4- 6 || total
---------------------------+-------+-------++-------
   Fire: Sling             |   174 |    14 ||   188
    Use: Scroll            |     2 |       ||     2
 Armour: Robe              |    20 |       ||    20
         Ring mail         |    33 |     8 ||    41
  Dodge: Dodged            |    94 |     8 ||   102

Table legend:
 A = Non-vault XP
 B = Vault XP
 C = Vault XP percentage of total XP
 D = Non-vault monster count
 E = Vault monster count
 F = Vault count percentage of total count
                 A         B        C        D         E       F
            +---------+---------+-------+---------+---------+-------
      Total |      77 |       8 |   9.4 |      47 |       8 |  14.5
            +---------+---------+-------+---------+---------+-------
        D:1 |      42 |       8 |  16.0 |      26 |       8 |  23.5
        D:2 |      21 |       0 |   0.0 |      13 |       0 |   0.0
        D:3 |      14 |       0 |   0.0 |       8 |       0 |   0.0
            +---------+---------+-------+---------+---------+-------
